 Dungeon Crawl Stone Soup version 0.31.0-32-g396128a36d (webtiles) character file.

Game seed: 4099421393659646209

5527 Arcadio the Toxicologist (level 10, 0/63 HPs)
             Began as a Vampire Alchemist on Apr 8, 2024.
             Was a Believer of Sif Muna.
             Slain by a cane toad (19 damage)
             ... on level 1 of the Lair of Beasts.
             The game lasted 00:31:44 (8581 turns).

Arcadio the Toxicologist (Vampire Alchemist)        Turns: 8581, Time: 00:31:45

Health: 0/63       AC: 11    Str:  7    XL:     10   Next: 43%
Magic:  31/31      EV: 22    Int: 21    God:    Sif Muna [**....]
Gold:   456        SH:  0    Dex: 16    Spells: 16/26 levels left

rFire   . . .        i - +0 rapier (vamp)
rCold   . . .        (no shield)
rNeg    . . .        G - +0 steam dragon scales
rPois   .            L - +0 helmet
rElec   .            s - +0 cloak
rCorr   .            x - +0 pair of gloves
SInv    +            k - +2 pair of boots
Will    +....        B - amulet of magic regeneration
Stlth   ++           u - ring of magical power
HPRegen 0.50/turn    C - +5 ring of evasion
MPRegen 0.62/turn

%: no passive effects
@: healing quickly
A: alive, fangs 3, see invisible, vampiric 2
a: Exsanguinate, Renounce Religion, Channel Magic


You were on level 1 of the Lair of Beasts.
You worshipped Sif Muna.
Sif Muna was pleased with you.
You visited 4 branches of the dungeon, and saw 12 of its levels.

You collected 456 gold pieces.

Inventory:

Hand Weapons
 i - a +0 vampiric rapier (weapon)
 r - a +0 vampiric whip
 v - a +0 rapier of freezing
Missiles
 D - 2 throwing nets
Armour
 k - a +2 pair of boots (worn)
 s - a +0 cloak (worn)
 x - a +0 pair of gloves (worn)
 G - +0 steam dragon scales (worn)
 L - a +0 helmet (worn)
Magical Staves
 f - a staff of conjuration
Jewellery
 u - a ring of magical power (left hand)
 B - an amulet of magic regeneration (around neck)
 C - a +5 ring of evasion (right hand)
 K - a ring of resist corrosion
 P - a +4 ring of protection
Wands
 w - a wand of flame (23)
 J - a wand of polymorph (11)
 M - a wand of quicksilver (3)
Scrolls
 c - 4 scrolls of teleportation
 e - a scroll of amnesia {unknown}
 g - 2 scrolls of brand weapon
 n - 2 scrolls of fog
 o - a scroll of blinking {unknown}
 p - 2 scrolls of enchant weapon {unknown}
 q - 3 scrolls of revelation
 t - 2 scrolls of immolation
 y - a scroll of fear {unknown}
 z - a scroll of poison {unknown}
Potions
 b - a potion of magic
 d - 2 potions of might
 l - a potion of brilliance
 A - a potion of enlightenment
 H - a potion of mutation
 I - a potion of heal wounds {unknown}
 N - 2 potions of curing
 O - a potion of attraction {unknown}
 Q - a potion of degeneration {unknown}


   Skills:
 + Level 10.3 Dodging
 - Level 3.0 Stealth
 + Level 8.5 Spellcasting
 - Level 0.6 Conjurations
 + Level 0.0 Summonings
 + Level 10.4 Alchemy


You had 16 spell levels left.
You knew the following spells:

 Your Spells              Type           Power      Damage    Failure   Level
a - Sting                 Conj/Alch      100%       1d9       1%          1
b - Mercury Vapours       Alch/Air       60%        N/A       1%          2
c - Olgreb's Toxic Radia  Alch           51%        N/A       1%          4
d - Mephitic Cloud        Conj/Alch/Air  24%        N/A       4%          3

Your spell library contained the following spells:

 Spells                   Type           Power      Damage    Failure   Level
 Kiss of Death            Conj/Necr      40%        2d8       7%          1
 Summon Small Mammal      Summ           36%        N/A       8%          1
 Sticky Flame             Fire/Alch      30%        2d7       9%          4
 Jinxbite                 Hex            18%        N/A       12%         2
 Scorch                   Fire           18%        2d5       12%         2
 Call Canine Familiar     Summ           9%         N/A       22%         3
 Confusing Touch          Hex            9%         N/A       22%         3
 Fugue of the Fallen      Necr           9%         N/A       22%         3
 Ozocubu's Armour         Ice            9%         N/A       22%         3
 Yara's Violent Unravell  Hex/Alch       15%        3d8       24%         5
 Flame Wave               Conj/Fire      10%        2d6       54%         4
 Dispel Undead            Necr           9%         3d8       58%         4
 Manifold Assault         Tloc           9%         N/A       58%         4
 Summon Blazeheart Golem  Fire/Summ      9%         N/A       58%         4
 Summon Cactus Giant      Summ           4%         N/A       100%        6
 Enfeeble                 Hex            4%         N/A       100%        7


Dungeon Overview and Level Annotations

Branches:
Dungeon (9/15)             Temple (1/1) D:6            Lair (1/5) D:8
    Orc (1/2) D:9

Altars:
Ashenzari
Dithmenos
Fedhas
Gozag
Hepliaklqana
Kikubaaqudgha
Makhleb
Nemelex Xobeh
Okawaru
Ru
Sif Muna
Trog
Uskayaw
Vehumet
Yredelemnul

Shops:
D:1 [   D:6 :

Annotations:
D:9 exclusion: upstairs
Orc:1 Josephine


Innate Abilities, Weirdness & Mutations

Your natural rate of healing is accelerated.
You have razor-sharp teeth.
You have supernaturally acute eyesight. (SInv)
You are afflicted with vampirism and can become a bat while bloodless.


Message History

The cane toad completely misses you.
You hit the cane toad but do no damage.
The cane toad is heavily wounded.
You feel very sick. The cane toad misses you.
The cane toad stings you but does no damage.
You hit the cane toad but do no damage. Your bite misses the cane toad.
The cane toad is heavily wounded.
You feel very sick. The cane toad completely misses you.
You hit the cane toad but do no damage.
The cane toad is heavily wounded.
You feel sick. The cane toad completely misses you. The cane toad misses you.
You hit the cane toad but do no damage.
The cane toad is heavily wounded.
You feel sick. The cane toad closely misses you.
You completely miss the cane toad. Your bite misses the cane toad.
The cane toad is heavily wounded.
You feel sick. The cane toad completely misses you.
The cane toad closely misses you.
You hit the cane toad.
You feel better.
The cane toad is severely wounded.
You feel sick. The cane toad closely misses you.
You hit the cane toad.
You feel better.
The cane toad is severely wounded.
You feel sick.
The cane toad stings you but does no damage.
The cane toad stings you!
Casting: Sting (safe; 1% risk of failure)
Confirm with . or Enter, or press ? or * to list all spells.
Aiming: Sting (safe; 1% risk of failure)
Press: ? - help, Shift-Dir - straight line, f/p - cane toad
Aim: a cane toad (severely wounded, very poisoned, 81% to hit)
The sting hits the cane toad.
The cane toad partially resists.
The cane toad looks even sicker.
The cane toad is severely wounded.
You feel sick.
You are no longer poisoned.
The cane toad stings you!!
You die...

#####'### #.......#
### ###..###.#
###.########........##
............+.###<#..#
####.###.####...#.#.##
### ### ###.#.#.#
#...#...# #..#@...#
#..F....# #########


You could see a cane toad (very poisoned).

Vanquished Creatures
  A two-headed ogre (D:9)
  Sigmund (D:4)
  8 yaks
  A warg (D:9)
  3 wyverns
  4 steam dragons
  3 water moccasins
  2 orc warriors
  2 black bears
  3 ice beasts
  2 ogres
  2 centaurs
  A phantom (D:4)
  Blork the orc (D:6)
  2 kobold brigands (D:8)
  2 bullfrogs
  3 scorpions
  3 bombardier beetles
  2 hounds
  A jelly (D:5)
  An orc priest (D:3)
  A gnoll bouda (D:5)
  3 orc wizards
  An iguana (D:5)
  9 adders
  11 gnolls
  6 ufetubi (D:6)
  A dart slug (D:1)
  2 ribbon worms
  33 orcs
  12 ball pythons
  7 endoplasms
  5 giant cockroaches
  10 goblins
  7 hobgoblins
  6 jackals
  21 kobolds
  6 quokkas
  7 bats
  A frilled lizard (D:3)
  9 rats
206 creatures vanquished.

Vanquished Creatures (others)
  An adder (D:6)
1 creature vanquished.

Grand Total: 207 creatures vanquished

Notes
Turn   | Place    | Note
-------+----------+-------------------------------------------
     0 | D:1      | Arcadio the Vampire Alchemist began the quest for the Orb.
     0 | D:1      | Reached XP level 1. HP: 13/13 MP: 3/3
    32 | D:1      | Found a faded altar of an unknown god.
   169 | D:1      | Reached XP level 2. HP: 19/19 MP: 0/5
   244 | D:1      | Learned a level 2 spell: Mercury Vapours
   704 | D:1      | Found Ehaotyta's Armour Emporium.
   830 | D:2      | Gained mutation: You are afflicted with vampirism and can
                  | become a bat while bloodless. [Vampire growth]
   830 | D:2      | Reached XP level 3. HP: 19/24 MP: 0/6
   934 | D:1      | You fall into a shaft and drop 1 floor!
  1843 | D:3      | Reached XP level 4. HP: 30/30 MP: 8/8
  1881 | D:3      | Learned a level 4 spell: Olgreb's Toxic Radiance
  2660 | D:4      | Reached XP level 5. HP: 35/35 MP: 9/9
  2996 | D:4      | Noticed Sigmund
  3017 | D:4      | Killed Sigmund
  3018 | D:4      | Reached skill level 5 in Alchemy
  3018 | D:4      | Reached XP level 6. HP: 41/41 MP: 11/11
  3135 | D:4      | Found a hide-covered altar of Uskayaw.
  3198 | D:4      | Found an iron altar of Okawaru.
  3394 | D:4      | Reached skill level 5 in Dodging
  3434 | D:4      | Reached XP level 7. HP: 32/46 MP: 13/13
  3670 | D:5      | Entered Level 5 of the Dungeon
  4111 | D:5      | Reached skill level 5 in Spellcasting
  4398 | D:5      | Reached XP level 8. HP: 50/52 MP: 15/15
  4433 | D:5      | Learned a level 3 spell: Mephitic Cloud
  4875 | D:5      | Found a blossoming altar of Fedhas.
  5502 | D:6      | Found a sacrificial altar of Ru.
  5980 | D:6      | Found Fejoyca's Book Emporium.
  6254 | D:6      | Noticed Blork the orc
  6266 | D:6      | Killed Blork the orc
  6267 | D:6      | Reached XP level 9. HP: 51/57 MP: 18/18
  6290 | D:6      | Found a staircase to the Ecumenical Temple.
  6314 | Temple   | Entered the Ecumenical Temple
  6326 | Temple   | Became a worshipper of Sif Muna the Loreminder
  6605 | D:7      | Noticed a gargoyle
  7050 | D:8      | Reached * piety under Sif Muna
  7121 | D:8      | Noticed a death yak
  7121 | D:8      | Noticed a death yak
  7304 | D:8      | Found a staircase to the Lair.
  7613 | D:8      | Noticed a death yak
  7781 | D:9      | Found a staircase to the Orcish Mines.
  7806 | D:9      | Reached XP level 10. HP: 17/63 MP: 21/21
  7856 | D:9      | Reached ** piety under Sif Muna
  8116 | D:9      | Noticed a two-headed ogre
  8140 | D:9      | Killed a two-headed ogre
  8141 | D:9      | Reached skill level 10 in Alchemy
  8153 | D:9      | Reached skill level 10 in Dodging
  8329 | Lair:1   | Entered Level 1 of the Lair of Beasts
  8389 | Orc:1    | Entered Level 1 of the Orcish Mines
  8389 | Orc:1    | Noticed Josephine
  8389 | Orc:1    | Noticed an ettin
  8462 | Lair:1   | Noticed an elephant
  8464 | Lair:1   | Noticed an elephant
  8563 | Lair:1   | Noticed a cane toad
  8581 | Lair:1   | Slain by a cane toad

Illustrated notes

Levels and vault maps discovered:
D:1:      roderic_crossed_star, layout_rooms,
          shapermc_ecumenical_altar_mp_highgroup, serial_shops, shop,
          serial_park_tiny_pond
D:2:      layout_loops_ring, minmay_misc_feat_iff
D:3:      layout_rooms
D:4:      layout_rooms, nicolae_uskayaw_suspiria, okawaru_altar_gauntlet_db,
          minmay_fountain_box, minmay_joined_circles, uniq_sigmund
D:5:      layout_gridville, mainiacjoe_overflow_24_doors,
          nicolae_overflow_hidden_temple
D:6:      layout_layer_cave, nicolae_ru_sacrificial_ziggurat,
          minmay_temple_entry_fiery, serial_shops,
          nicolae_shop_just_a_little_nook, uniq_blork_the_orc
D:7:      layout_rooms, lightli_corner_chamber
D:8:      layout_basic, gammafunk_temple_overflow_elements, dpeg_lair_monsters,
          grunt_ministairs_1
D:9:      layout_gridville, mainiacjoe_overflow_alcove_1, lemuel_round_altar,
          david_orc_3
Temple:   hc_temple_tempest_star
Lair:1:   layout_roguey, tgw_fedhas
Orc:1:    layout_caves, mines3_lemuel, uniq_josephine

Skill      XL: |  1  2  3  4  5  6  7  8  9 10 |
---------------+-------------------------------+-----
Dodging        | 3 4 5 6 7 9 10 | 10.3
Alchemy        | 4 5 6 8 9 10 | 10.4
Spellcasting   | 3 4 5 6 7 8 |  8.5
Stealth        | |  3.0
Conjurations   | |  0.6

Action                     |  1- 3 |  4- 6 |  7- 9 | 10-12 || total
---------------------------+-------+-------+-------+-------++-------
  Melee: Unarmed           |    32 |       |       |       ||    32
         Bite              |     7 |     8 |    32 |     1 ||    48
         Hand axe          |    22 |       |       |       ||    22
         Short sword       |    19 |     8 |       |       ||    27
         Club              |    10 |       |       |       ||    10
         Punch             |     1 |     1 |     1 |       ||     3
         Rapier            |       |    26 |   222 |    17 ||   265
   Cast: Sting             |    59 |    45 |    93 |    25 ||   222
         Olgreb's Toxic Ra |       |     8 |    27 |     9 ||    44
         Mercury Vapours   |       |     1 |    30 |     5 ||    36
    Use: Scroll            |       |     6 |     8 |       ||    14
         Potion            |       |       |     3 |       ||     3
   Stab: Sleeping          |     3 |     2 |     2 |       ||     7
 Armour: Robe              |    87 |    29 |    76 |       ||   192
         Steam dragon scal |       |       |    95 |    20 ||   115
  Dodge: Dodged            |   108 |    50 |   308 |    50 ||   516
